 Dungeon Crawl Stone Soup version 0.28.0-43-g3370ac3207 (webtiles) character file.

Game seed: 8459212879107751453

2027 Faeu the Fighter (level 9, -1/81 HPs)
             Began as a Minotaur Fighter on Mar 22, 2022.
             Was a Follower of Trog.
             Slain by an orc warrior
             ... wielding a +0 glaive
              (7 damage)
             ... on level 7 of the Dungeon.
             The game lasted 00:25:52 (7124 turns).

Faeu the Fighter (Minotaur Fighter)                 Turns: 7124, Time: 00:25:53

Health: -1/81      AC:  9    Str: 31    XL:     9   Next: 3%
Magic:  8/8        EV:  8    Int:  5    God:    Trog [*.....]
Gold:   267        SH: 10    Dex: 10    Spells: 8/8 levels left

rFire   . . .      SeeInvis .   a - +0 long sword {long}
rCold   . . .      Faith    +   q - +0 kite shield
rNeg    . . .      Spirit   .   b - +0 scale mail
rPois   .          Reflect  .   (helmet restricted)
rElec   .          Harm     .   (no cloak)
rCorr   .          Rampage  .   (no gloves)
Will    .....                   y - +0 pair of boots
Stlth   ..........              C - amulet of faith {!P}
HPRegen 0.23/turn               z - +6 ring of strength
MPRegen 0.11/turn               (no ring)

@: studying Staves
A: horns 2, retaliatory headbutt
a: Renounce Religion, Berserk


You were on level 7 of the Dungeon.
You worshipped Trog.
Trog was aware of your devotion.
You visited 2 branches of the dungeon, and saw 8 of its levels.

You collected 330 gold pieces.
You spent 63 gold pieces at shops.


Innate Abilities, Weirdness & Mutations

You have a pair of horns on your head.
You reflexively headbutt those who attack you in melee.


   Skills:
 + Level 8.0 Fighting
 + Level 7.4 Long Blades
 + Level 8.0 Armour
 + Level 7.9 Shields


You had 8 spell levels left.
You didn't know any spells.
Your spell library contained the following spells:

 Spells                   Type           Power      Damage    Failure   Level
 Iskenderun's Battlesphe  Conj           0%         2d6       100%        5
 Iron Shot                Conj/Erth      0%         9d1       100%        6
 Spellforged Servitor     Conj/Summ      0%         N/A       100%        7

Inventory:

Hand Weapons
 a - a +0 long sword (weapon) {long}
 i - a +2 vampiric whip {mace}
   (You found it on level 1 of the Dungeon)
 n - a +2 dagger of protection {short}
   (You took it off a goblin on level 1 of the Dungeon)
 r - a +1 war axe of venom {axe}
   (You found it on level 3 of the Dungeon)
 v - a +2 dagger of draining {short}
   (You took it off a kobold on level 4 of the Dungeon)
 A - a +2 rapier of draining {short}
   (You found it on level 7 of the Dungeon)
 D - a +2 trident {polearm}
   (You took it off a wight on level 7 of the Dungeon)
Missiles
 c - 4 javelins (quivered) {throwing}
 E - 2 boomerangs {throwing}
Armour
 b - a +0 scale mail (worn)
 q - a +0 kite shield (worn)
   (You bought it in a shop on level 3 of the Dungeon)
 y - a +0 pair of boots (worn)
   (You found it on level 6 of the Dungeon)
Jewellery
 z - a +6 ring of strength (left hand)
   (You found it on level 7 of the Dungeon)
 C - an amulet of faith (around neck) {!P}
   (You found it on level 7 of the Dungeon)
Wands
 w - a wand of iceblast (9)
   (You found it on level 6 of the Dungeon)
 B - a wand of flame (22)
   (You found it on level 7 of the Dungeon)
Scrolls
 e - 2 scrolls of vulnerability {unknown}
 f - a scroll of magic mapping {unknown}
 h - a scroll of fear {unknown}
 j - a scroll of torment {unknown}
 l - 4 scrolls of teleportation {unknown}
 m - 2 scrolls of identify {unknown}
 s - 3 scrolls of enchant armour {unknown}
 x - a scroll of blinking {unknown}
Potions
 d - 2 potions of ambrosia {unknown}
 g - 6 potions of curing {unknown}
 k - 4 potions of heal wounds {unknown}
 o - a potion of mutation {unknown}
 p - 2 potions of flight {unknown}
 t - a potion of invisibility {unknown}
 u - 2 potions of lignification {unknown}
 F - a potion of degeneration {unknown}

Dungeon Overview and Level Annotations

Branches:
Dungeon (7/15)             Temple (1/1) D:5

Altars:
Ashenzari
Cheibriados
Fedhas
Kikubaaqudgha
Makhleb
Nemelex Xobeh
Okawaru
Qazlal
Trog
Uskayaw
Vehumet
Wu Jian
Xom
Yredelemnul

Shops:
D:3 [!   D:4 !   D:5 ?

Annotations:
D:6 2 transporters, kelmiir's ghost, novice OpTm

#############
.......#....###
.......#....#§###
...........####§
........@###..######
........)#§#._.....#
........o###..####.#
.###....)..####§##.######
...............#§###>.......
.
.............####.#########
..###............#....#
....#.................##
............######.......#


You could see an orc warrior.


Message History

With a horrendous wail, an alarm goes off!
A sentinel's mark forms upon you.
There is a burning altar of Makhleb here.
Things that are here:
a +0 whip {mace}; a +0 robe
There is an escape hatch in the floor here.
F - a black potion The sentinel's mark upon you fades away.
Found an ornate altar of the Wu Jian Council.
There is an escape hatch in the floor here.
There is a burning altar of Makhleb here.
Things that are here:
a +0 whip {mace}; a +0 robe You see here 19 bolts.
l - 4 scrolls labelled DUDYCKUDOM (gained 1)
An orc warrior comes into view. It is wielding a +0 glaive.
The orc warrior shouts!
You hear a shout!
An orc priest comes into view. It is wielding a +0 hand axe.
An orc comes into view.
It is wielding a +1 morningstar of holy wrath.
The orc warrior barely misses you.
The orc shouts!
You hit the orc warrior but do no damage.
Your headbutt misses the orc warrior.
An orc comes into view. It is wielding a +0 club.
You block the orc warrior's attack.
You slash the orc warrior!
You headbutt the orc warrior, but do no damage.
You block the orc warrior's attack.
You barely miss the orc warrior.
The orc warrior hits you from afar with a +0 glaive! 😕 HP[-12]
You take 12 damage, and now have 69/81 hp.
The orc warrior hits you from afar with a +0 glaive! 😮 HP[-9]
You take 9 damage, and now have 60/81 hp.
You hit the orc priest. Your headbutt misses the orc priest.
The orc warrior hits you from afar with a +0 glaive!
You block the orc priest's attack. 😮 HP[-7]
You take 7 damage, and now have 53/81 hp.
You barely miss the orc priest. You headbutt the orc priest!
You kill the orc priest!
Trog accepts your kill. You block the orc warrior's attack.
The orc hits you with a +1 morningstar of holy wrath!
You block the orc warrior's attack.
Your Armour skill increases to level 8! 😮 HP[-9]
You take 9 damage, and now have 44/81 hp. 😮 HP[+1]
You barely miss the orc. The orc closely misses you.
You block the orc's attack.
The orc warrior hits you from afar with a +0 glaive!
* * * LOW HITPOINT WARNING * * *
😨 HP[-8]
You take 8 damage, and now have 37/81 hp.
You fail to use your ability.
You block the orc's attack. The orc hits you but does no damage.
The orc warrior closely misses you.
You closely miss the orc. You block the orc's attack.
The orc barely misses you. You furiously retaliate!
You headbutt the orc, but do no damage.
The orc warrior hits you but does no damage.
You closely miss the orc. Your headbutt misses the orc.
You block the orc's attack.
The orc hits you with a +1 morningstar of holy wrath.
* * * LOW HITPOINT WARNING * * *
The orc warrior hits you from afar with a +0 glaive!
* * * LOW HITPOINT WARNING * * *
😨 HP[-13]
You take 13 damage, and now have 24/81 hp.
You barely miss the orc. You headbutt the orc, but do no damage.
The orc hits you with a +0 club.
* * * LOW HITPOINT WARNING * * *
The orc barely misses you.
You block the orc warrior's attack. 😱 HP[-4]
You take 4 damage, and now have 20/81 hp.
You closely miss the orc. You block the orc's attack.
The orc hits you with a +1 morningstar of holy wrath.
* * * LOW HITPOINT WARNING * * *
The orc warrior hits you from afar with a +0 glaive!
* * * LOW HITPOINT WARNING * * *
You block the orc's attack. 😱 HP[-9]
You take 9 damage, and now have 11/81 hp.
You hit the orc.
The orc warrior hits you from afar with a +0 glaive.
* * * LOW HITPOINT WARNING * * *
The orc barely misses you. You furiously retaliate!
You headbutt the orc.
You kill the orc!
Trog accepts your kill. You block the orc's attack. 😱 HP[-6]
You take 6 damage, and now have 5/81 hp. 😱 HP[+1]
You hit the orc. You headbutt the orc.
You kill the orc!
Trog accepts your kill.
The orc warrior hits you from afar with a +0 glaive!
You die...

Skill      XL: |  1  2  3  4  5  6  7  8  9 |
---------------+----------------------------+-----
Fighting       | 4 5 6 7 8 |  8.0
Armour         | 4 5 6 7 8 |  8.0
Shields        | 4 5 6 7 |  7.9
Long Blades    | 3 4 5 6 7 |  7.4

Action                   |  1- 3 |  4- 6 |  7- 9 || total
-------------------------+-------+-------+-------++-------
Melee: Long sword        |    16 |       |   173 ||   189
       Headbutt          |     7 |    18 |    35 ||    60
       Whip              |     8 |    26 |       ||    34
       Dagger            |    21 |    61 |    16 ||    98
       War axe           |       |    32 |       ||    32
Invok: Berserk           |       |       |     1 ||     1
  Use: Potion            |       |     2 |       ||     2
Armor: Scale mail        |    18 |    65 |    81 ||   164
Dodge: Dodged            |    17 |    54 |    36 ||   107
Block: Buckler           |     8 |     6 |       ||    14
       Kite shield       |       |    61 |    76 ||   137

Levels and vault maps discovered:
D:1:      lightli_arrival_boilingwater, layout_loops_corners
D:2:      layout_loops_ring, ebering_ecumenical_altar_sacrificial, uniq_jessica
D:3:      layout_basic, serial_shops,
          nicolae_shop_temple_entry_statues_fountains, nicolae_shop_crystal,
          uniq_robin
D:4:      layout_cave_pools, vehumet_crystals, nicolae_qazlal_general_emergency,
          serial_shops, nicolae_shop_stone,
          nicolae_concentric_dashed_squares_wild, grunt_decor_mini_mirrors,
          uniq_blork_the_orc
D:5:      layout_loops_ring, xom_teletrap_fun, minmay_temple_entry_stoned_glass,
          serial_shops, nicolae_shop_statue_plus
D:6:      layout_basic, amcnicky_altar_gilded, gammafunk_ghost_arena,
          minmay_manual_moon
D:7:      layout_basic, lemuel_doored_altar, pdpol_wu_jian_five_deadly_venoms,
          bloody_makhleb, hex_intersection, skrybe_limestone_x
Temple:   jpeg_temple_clearing

Notes
Turn   | Place    | Note
-------+----------+-------------------------------------------
     0 | D:1      | Faeu the Minotaur Fighter began the quest for the Orb.
     0 | D:1      | Reached XP level 1. HP: 19/19 MP: 0/0
     0 | D:1      | magus.rc [v1.9.6]
     0 | D:1      | magus.rc [v1.9.6]
   157 | D:1      | You fall into a shaft and drop 1 floor!
   198 | D:2      | Reached XP level 2. HP: 27/27 MP: 1/1
   245 | D:2      | Reached skill level 4 in Fighting
   271 | D:2      | Noticed Jessica
   395 | D:1      | Reached skill level 4 in Armour
   432 | D:1      | Reached skill level 4 in Shields
   520 | D:1      | Reached skill level 3 in Long Blades
   520 | D:1      | Reached XP level 3. HP: 33/33 MP: 2/2
  1137 | D:2      | Killed Jessica
  1138 | D:2      | Reached XP level 4. HP: 40/41 MP: 3/3
  1320 | D:2      | Found a faded altar of an unknown god.
  1693 | D:3      | Found Uvaerch's Armour Shop.
  1702 | D:3      | Bought a +0 kite shield for 63 gold pieces
  1719 | D:3      | You pick up a book of Power and begin reading...
  1719 | D:3      | You add the spells Iskenderun's Battlesphere, Iron Shot and
                  | Spellforged Servitor to your library.
  2002 | D:3      | Noticed Robin
  2031 | D:3      | Killed Robin
  2149 | D:3      | Found Uchev's Distillery.
  2361 | D:4      | Noticed an ogre
  2366 | D:4      | HP: 8/41 [ogre/+0 giant club (9)]
  2367 | D:4      | Killed an ogre
  2368 | D:4      | Reached skill level 5 in Fighting
  2368 | D:4      | Reached skill level 4 in Long Blades
  2368 | D:4      | Reached XP level 5. HP: 10/48 MP: 4/4
  2408 | D:4      | Reached skill level 5 in Armour
  2413 | D:4      | Noticed a centaur
  2876 | D:4      | Found Tozemn's Distillery.
  2899 | D:4      | Found a radiant altar of Vehumet.
  3025 | D:4      | Found a stormy altar of Qazlal.
  3055 | D:4      | HP: 10/46 [centaur (3)]
  3059 | D:4      | Killed a centaur
  3060 | D:4      | Reached skill level 5 in Shields
  3060 | D:4      | Reached XP level 6. HP: 7/56 MP: 5/5
  3334 | D:4      | Noticed Blork the orc
  3342 | D:4      | HP: 11/56 [Blork the orc/+0 halberd (7)]
  3345 | D:4      | Killed Blork the orc
  3818 | D:5      | Entered Level 5 of the Dungeon
  3875 | D:5      | Found a staircase to the Ecumenical Temple.
  3898 | D:5      | HP: 9/57 [orc priest/divine providence (12)]
  3903 | D:5      | Reached skill level 5 in Long Blades
  3903 | D:5      | Reached XP level 7. HP: 7/62 MP: 6/6
  3903 | D:5      | HP: 4/62 [orc priest/+0 whip (3)]
  4257 | Temple   | Entered the Ecumenical Temple
  4327 | Temple   | Became a worshipper of Trog the Wrathful
  4385 | D:5      | Found Picyf's Magic Scroll Boutique.
  4501 | D:5      | Found a shimmering altar of Xom.
  4507 | D:5      | Reached skill level 6 in Fighting
  4507 | D:5      | Reached skill level 6 in Armour
  4583 | D:5      | Reached skill level 6 in Shields
  4972 | D:6      | Noticed a vampire mosquito
  4974 | D:6      | Noticed kelmiir's ghost (novice OpTm)
  4975 | D:6      | Noticed a vampire
  5017 | D:6      | Reached skill level 6 in Long Blades
  5017 | D:6      | Reached XP level 8. HP: 70/71 MP: 7/7
  5242 | D:6      | Found a blossoming altar of Fedhas.
  5305 | D:6      | Found a transporter.
  5308 | D:6      | Found a transporter.
  5347 | D:6      | Reached skill level 7 in Fighting
  5347 | D:6      | Reached skill level 7 in Armour
  5807 | D:6      | Reached skill level 7 in Shields
  6182 | D:7      | Found a broken altar of Ashenzari.
  6195 | D:7      | Identified the +1 leather armour of the Barracuda {rElec
                  | rF+ Int+4}
  6308 | D:7      | Reached skill level 7 in Long Blades
  6310 | D:7      | HP: 15/73 [orc warrior/+0 dire flail (8)]
  6310 | D:7      | HP: 4/73 [orc warrior/+0 dire flail (11)]
  6315 | D:7      | Reached * piety under Trog
  6316 | D:7      | HP: 2/111 [orc/+0 hand axe (6)]
  6778 | D:7      | Reached XP level 9. HP: 72/81 MP: 8/8
  6781 | D:7      | Reached skill level 8 in Fighting
  6969 | D:7      | Found a burning altar of Makhleb.
  7012 | D:7      | Found an ornate altar of the Wu Jian Council.
  7115 | D:7      | Reached skill level 8 in Armour
  7120 | D:7      | HP: 20/81 [orc/+0 club (4)]
  7122 | D:7      | HP: 5/81 [orc warrior/+0 glaive (6)]
  7124 | D:7      | Slain by an orc warrior

Vanquished Creatures
  A sky beast (D:6)
  A black bear (D:7)
  An orc warrior (D:7)
  2 necrophages (D:6)
  3 ogres
  2 centaurs
  2 phantoms (D:5)
  3 bullfrogs (D:7)
  A scorpion (D:5)
  Blork the orc (D:4)
  3 wights (D:7)
  2 hounds
  A jelly (D:6)
  3 orc priests
  An iguana (D:6)
  Jessica (D:2)
  4 orc wizards
  A scorpion zombie (D:5)
  2 hound skeletons
  Robin (D:3)
  5 adders
  2 shadow imps (D:6)
  2 white imps (D:5)
  An ufetubus (D:6)
  2 worms
  3 dart slugs
  20 orcs
  7 ball pythons
  4 endoplasms
  2 giant cockroaches
  14 goblins
  9 hobgoblins
  5 jackals
  4 kobolds
  2 quokkas
  7 bats
  3 frilled lizards
  2 rats
130 creatures vanquished.

Table legend:
 A = Non-vault XP
 B = Vault XP
 C = Vault XP percentage of total XP
 D = Non-vault monster count
 E = Vault monster count
 F = Vault count percentage of total count
                 A         B        C        D         E       F
            +---------+---------+-------+---------+---------+-------
      Total |    2419 |     480 |  16.6 |     111 |      19 |  14.6
            +---------+---------+-------+---------+---------+-------
        D:1 |      33 |       0 |   0.0 |      17 |       0 |   0.0
        D:2 |      41 |      37 |  47.4 |      15 |       1 |   6.2
        D:3 |      31 |      37 |  54.4 |      15 |      12 |  44.4
        D:4 |     264 |      87 |  24.8 |      13 |       1 |   7.1
        D:5 |     761 |       0 |   0.0 |      21 |       0 |   0.0
        D:6 |     355 |     319 |  47.3 |       9 |       5 |  35.7
        D:7 |     934 |       0 |   0.0 |      21 |       0 |   0.0
            +---------+---------+-------+---------+---------+-------

Illustrated notes

Table legend:
 A = Kills in this place as a percentage of kills in entire the game.
 B = Kills by you in this place as a percentage of kills by you in the entire game.
 C = Kills by friends in this place as a percentage of kills by friends in the entire game.
 D = Other kills in this place as a percentage of other kills in the entire game.
 E = Experience gained in this place as a percentage of experience gained in the entire game.
 F = Experience gained in this place divided by the number of levels of this place that you have seen.
                   A       B       C       D       E      F
               +-------+-------+-------+-------+-------+----------------------
         Total | 100.0 | 100.0 |   N/A |   N/A | 100.0 | 362.4
       Dungeon | 100.0 | 100.0 |   N/A |   N/A | 100.0 | 414.1
               +-------+-------+-------+-------+-------+----------------------

Table legend: (Time is in decaauts)
 A = Elapsed time spent in this place.
 B = Non-inter-level travel time spent in this place.
 C = Inter-level travel time spent in this place.
 D = Time resting spent in this place.
 E = Time spent auto-exploring this place.
 F = Levels seen in this place.
 G = Mean time per level.
                   A        B        C        D        E       F      G
               +--------+--------+--------+--------+--------+-----+--------+
         Total |   7204 |   7078 |    126 |   1474 |   4090 |   8 |  900.5 |
       Dungeon |   7119 |   6993 |    126 |   1474 |   4034 |   7 | 1017.0 |
        Temple |     85 |     85 |      0 |      0 |     56 |   1 |   85.0 |
               +--------+--------+--------+--------+--------+-----+--------+

Top non-repeatable levels by time:
     D:3: 1164 daAuts
     D:4: 1136 daAuts
     D:6: 1125 daAuts
     D:5: 1075 daAuts
     D:7: 1063 daAuts
     D:1: 812 daAuts
     D:2: 742 daAuts
  Temple: 85 daAuts
